 Dungeon Crawl Stone Soup version 0.22.0-13-g43fe8f24b8 (webtiles) character file.

1897 Osmon the Shooter (level 9, -6/78 HPs)
             Began as a Ghoul Wanderer on Aug 17, 2018.
             Was an Initiate of Kikubaaqudgha.
             Mangled by an orc
             ... wielding a +2 hand axe of chopping
              (7 damage)
             ... on level 6 of the Dungeon.
             The game lasted 00:43:30 (3997 turns).

Osmon the Shooter (Ghoul Wanderer)                  Turns: 3997, Time: 00:43:31

Health: -6/78      AC:  4    Str: 20    XL:     9   Next: 15%
Magic:  8/8        EV: 11    Int:  6    God:    Kikubaaqudgha [......]
Gold:   276        SH:  0    Dex: 14    Spells: 8/8 levels left

rFire    . . .     SeeInvis .   f - -2 war axe (curse)
rCold    + . .     Gourm    .   (no shield)
rNeg     + + +     Faith    .   B - +0 leather armour (curse)
rPois    ∞         Spirit   .   (no helmet)
rElec    .         Reflect  .   r - +0 cloak
rCorr    .         Harm     .   (no gloves)
MR       +....                  (no boots)
Stlth    ++........             (no amulet)
HPRegen  0.00/turn              m - ring of protection from magic
MPRegen  0.11/turn              p - +6 ring of dexterity

@: rotting
A: rotting body, claws 1, carnivore, cold resistance 1, negative energy
resistance 3, inhibited regeneration, torment resistance, unbreathing
a: Renounce Religion


You were on level 6 of the Dungeon.
You worshipped Kikubaaqudgha.
Kikubaaqudgha was noncommittal.
You were not hungry.

You visited 2 branches of the dungeon, and saw 7 of its levels.

You collected 276 gold pieces.

Inventory:

Hand Weapons
 a - a +2 shortbow
 c - a +0 quarterstaff
 e - a +0 blowgun
 f - a cursed -2 war axe (weapon)
 o - a +0 mace
 D - a +3 flail of crushing
Missiles
 b - 63 arrows
 d - 53 poisoned needles
 H - 4 javelins (quivered)
Armour
 r - a +0 cloak (worn)
 B - a cursed +0 leather armour (worn)
 C - a +2 shield
 J - a +0 chain mail
 M - a +0 robe
Jewellery
 m - a ring of protection from magic (left claw)
 p - a +6 ring of dexterity (right claw)
 A - a +3 ring of protection
 G - an uncursed ring of wizardry {unknown}
Wands
 w - a wand of flame (40)
Scrolls
 i - 5 scrolls of teleportation
 j - a scroll of identify
 l - 2 scrolls of amnesia
 s - 2 scrolls of blinking {unknown}
 v - a scroll of fear {unknown}
 y - a scroll of immolation {unknown}
 E - a scroll of fog {unknown}
Potions
 h - 3 potions of degeneration
 k - 2 potions of might
 n - a potion of lignification {unknown}
 q - 3 potions of cancellation
 t - 3 potions of agility
 u - 2 potions of magic {unknown}
 x - a potion of brilliance {unknown}
 z - 2 potions of curing
 F - 2 potions of invisibility {unknown}
 I - 2 potions of flight {unknown}
 K - a potion of heal wounds {unknown}
 L - 2 potions of haste {unknown}
 N - a potion of mutation {unknown}
Comestibles
 g - 7 rations


   Skills:
 + Level 6.8 Fighting
 + Level 1.5(2.1) Axes
 + Level 2.0(2.7) Maces & Flails
 + Level 1.8(2.3) Staves
 + Level 7.5 Bows
 + Level 4.3 Throwing
 + Level 2.3 Armour
 + Level 1.1 Dodging
 + Level 1.4 Stealth
 + Level 1.0 Shields


You had 8 spell levels left.
You didn't know any spells.
Your spell library was empty.

Dungeon Overview and Level Annotations

Branches:
Dungeon (6/15)             Temple (1/1) D:5

Altars:
Elyvilon
Fedhas
Kikubaaqudgha
Sif Muna
Uskayaw
Zin


Innate Abilities, Weirdness & Mutations

Your body is rotting away.
You thrive on raw meat.
You are immune to poison.
You have sharp fingernails.
You are carnivorous and can eat meat at any time.
Your flesh is cold resistant. (rC+)
You are immune to negative energy. (rN+++)
You do not regenerate when monsters are visible.
You are immune to unholy pain and torment.
You can survive without breathing.


Message History

The orc warrior is severely wounded.
You closely miss the orc. The orc closely misses you.
The orc warrior closely misses you.
The orc hits you with a hand axe of chopping.
* * * LOW HITPOINT WARNING * * *
x2 You hit the orc warrior.
The orc warrior is almost dead.
You hit the orc but do no damage. The orc warrior hits you with a mace.
* * * LOW HITPOINT WARNING * * *
The orc closely misses you.
You eat one of the 8 rations.
That ration really hit the spot!
The orc warrior barely misses you. The orc closely misses you.
You slash the orc warrior!
You kill the orc warrior!
Kikubaaqudgha accepts your kill.
You hit the orc but do no damage.
The orc is almost dead.
The orc hits you with a hand axe of chopping!
You die...
Kikubaaqudgha rasps: "You have failed me!
Welcome... oblivion!"

.... #.....##'###....#
.... #.....#...##....#
..... #.....#...##....#
(.(.. #.....#..<......#
...(..#.....#.........#
......#.....#.........#
....(.'.....#...##....#
#oo...#...##....#
#@....#.........#
#.....#.........#
#.....#.........#
#.....#.........#
###+####.....#.........#
.............#...###'####
.............#...#......#
.............#...#<.....#
.............#...#......#


You could see 2 orcs.

Vanquished Creatures
  The ghost of motoroller71 the Shield-Bearer, a novice GnFi (D:5)
  A black bear (D:5)
  2 phantoms
  An orc warrior (D:6)
  A centaur (D:5)
  2 ogres (D:4)
  A bullfrog (D:6)
  A water moccasin skeleton (D:5)
  A scorpion (D:4)
  2 howler monkeys (D:4)
  A centaur zombie (D:5)
  2 crimson imps
  4 hounds
  2 orc priests (D:4)
  2 orc wizards
  An iguana (D:5)
  2 worker ants
  A howler monkey zombie (D:5)
  5 adders
  3 oozes
  A worm (D:2)
  3 dart slugs (D:1)
  2 leopard geckos
  18 orcs
  9 giant cockroaches
  6 goblins
  6 hobgoblins
  3 jackals (D:5)
  7 kobolds
  3 quokkas (D:4)
  4 ball pythons
  6 bats
  2 frilled lizards
  7 rats
113 creatures vanquished.

Notes
Turn   | Place    | Note
-------+----------+-------------------------------------------
     0 | D:1      | Osmon the Ghoul Wanderer began the quest for the Orb.
     0 | D:1      | Osmon set off with: a +2 shortbow, 23 arrows, a +0 quarterstaff, 15 poisoned needles, a +0 blowgun, a +0 robe, a ration
     0 | D:1      | Reached XP level 1. HP: 22/22 MP: 0/0
   135 | D:1      | Reached XP level 2. HP: 28/28 MP: 1/1
   451 | D:1      | Reached skill level 5 in Fighting
   541 | D:2      | Found a faded altar of an unknown god.
   543 | D:2      | Reached XP level 3. HP: 36/36 MP: 2/2
   725 | D:2      | Reached skill level 2 in Bows
   818 | D:2      | Found a blossoming altar of Fedhas.
  1075 | D:2      | Became a worshipper of Uskayaw the Reveler
  1075 | D:2      | Reached * piety under Uskayaw
  1151 | D:3      | Reached XP level 4. HP: 41/42 MP: 3/3
  1155 | D:3      | Reached ** piety under Uskayaw
  1157 | D:3      | Reached *** piety under Uskayaw
  1161 | D:3      | Reached **** piety under Uskayaw
  1427 | D:3      | Reached skill level 3 in Bows
  1942 | D:4      | Reached XP level 5. HP: 44/48 MP: 4/4
  2151 | D:4      | Noticed an ogre
  2162 | D:4      | Killed an ogre
  2162 | D:4      | Reached skill level 1 in Maces & Flails
  2162 | D:4      | Reached XP level 6. HP: 26/56 MP: 5/5
  2584 | D:4      | Reached skill level 1 in Armour
  2584 | D:4      | Reached XP level 7. HP: 60/60 MP: 6/6
  2654 | D:4      | Reached skill level 1 in Shields
  2716 | D:5      | Entered Level 5 of the Dungeon
  2742 | D:5      | Reached skill level 4 in Bows
  3062 | D:5      | Reached skill level 5 in Bows
  3140 | D:5      | Reached XP level 8. HP: 49/70 MP: 7/7
  3175 | D:5      | Found a staircase to the Ecumenical Temple.
  3181 | Temple   | Entered the Ecumenical Temple
  3188 | Temple   | Fell from the grace of Uskayaw
  3188 | Temple   | Became a worshipper of Kikubaaqudgha
  3295 | D:5      | Found a runed door.
  3295 | D:5      | Noticed motoroller71's ghost (novice GnFi)
  3338 | D:5      | Killed motoroller71's ghost
  3338 | D:5      | Reached skill level 7 in Bows
  3338 | D:5      | Reached skill level 1 in Dodging
  3867 | D:6      | Reached XP level 9. HP: 28/77 MP: 8/8
  3947 | D:6      | Reached skill level 1 in Axes
  3993 | D:6      | HP: 1/78 [orc warrior/mace (3)]
  3997 | D:6      | Mangled by an orc

Skill      XL: |  1  2  3  4  5  6  7  8  9 |
---------------+----------------------------+-----
Fighting       | 5 6 |  6.8
Bows           | 2 3 5 7 |  7.5
Throwing       | 2 3 4 |  4.3
Maces & Flails | 1 2 |  2.0
Armour         | 1 2 |  2.3
Shields        | 1 |  1.0
Dodging        | 1 |  1.1
Axes           | 1 |  1.5
Staves         | |  1.8
Stealth        | |  1.4

Action                   |  1- 3 |  4- 6 |  7- 9 || total
-------------------------+-------+-------+-------++-------
Melee: Flail             |       |    33 |       ||    33
       War axe           |       |       |    65 ||    65
 Fire: Shortbow          |    69 |    42 |   154 ||   265
Throw: Tomahawk          |       |    32 |    18 ||    50
       Javelin           |       |    14 |    10 ||    24
Invok: Line Pass         |       |       |     1 ||     1
  Use: Scroll            |     2 |     2 |     7 ||    11
  Eat: Chunk             |    10 |     6 |    11 ||    27
       Ration            |       |     1 |     1 ||     2
Armor: Robe              |     2 |       |       ||     2
       Ring mail         |       |     8 |       ||     8
       Chain mail        |       |     9 |    85 ||    94
       Leather armour    |       |       |     5 ||     5
Dodge: Dodged            |     8 |    13 |    62 ||    83
Block: Shield            |       |    25 |       ||    25
